 Dungeon Crawl Stone Soup version 0.30.1-4-g462c640d31 (webtiles) character file.

Game seed: 18311250391940959214

21 psuckher the Chiller (level 2, 0/20 HPs)
             Began as a Ghoul Ice Elementalist on Sept 13, 2023.
             Slain by an adder (1 damage)
             ... on level 2 of the Dungeon.
             The game lasted 00:09:13 (911 turns).

psuckher the Chiller (Ghoul Ice Elementalist)        Turns: 911, Time: 00:09:16

Health: 0/20       AC:  3    Str: 11    XL:     2   Next: 87%
Magic:  1/3        EV: 12    Int: 10    God:
Gold:   28         SH:  0    Dex:  9    Spells: 3/4 levels left

rFire   . . .        i - +1 dagger
rCold   + . .        (no shield)
rNeg    + + +        a - +0 robe
rPois   ∞            (no helmet)
rElec   .            (no cloak)
rCorr   +            (no gloves)
SInv    .            k - +0 pair of boots
Will    .....        (no amulet)
Stlth   ++           h - ring of resist corrosion
HPRegen 0.00/turn    (no ring)
MPRegen 0.08/turn

%: no passive effects
@: very slightly contaminated, inhibited regen
A: claws 1, cold resistance 1, negative energy resistance 3, inhibited
regeneration, torment resistance 2, devour on kill
a: no special abilities


You were on level 2 of the Dungeon.
You visited 1 branch of the dungeon, and saw 2 of its levels.

You collected 28 gold pieces.

Inventory:

Hand Weapons
 b - a +0 mace
 c - a +0 mace
 g - a +0 dagger
 i - a +1 dagger (weapon)
 n - a +0 dagger
 o - a +0 short sword
Missiles
 d - 3 stones
Armour
 a - a +0 robe (worn)
 k - a +0 pair of boots (worn)
 l - a +0 leather armour
Jewellery
 h - a ring of resist corrosion (left claw)
Scrolls
 j - 2 scrolls of enchant weapon
 m - 2 scrolls of identify {unknown}
 p - a scroll of teleportation
Potions
 e - a potion of flight {unknown}
 f - a potion of curing {unknown}


   Skills:
 + Level 2.1 Dodging
 + Level 2.2 Stealth
 + Level 0.1 Unarmed Combat
 + Level 1.8 Spellcasting
 + Level 5.0 Ice Magic


You had 3 spell levels left.
You knew the following spells:

 Your Spells              Type           Power      Damage    Failure   Level
a - Freeze                Ice            40%        1d6       4%          1

Your spell library contained the following spells:

 Spells                   Type           Power      Damage    Failure   Level
 Frozen Ramparts          Ice            20%        1d4       12%         3
 Ozocubu's Armour         Ice            10%        N/A       12%         3
 Summon Ice Beast         Ice/Summ       5%         N/A       75%         4
 Beastly Appendage        Tmut           Unusable   N/A       N/A         1
 Wereblood                Tmut           Unusable   N/A       N/A         2
 Spider Form              Tmut/Pois      Unusable   N/A       N/A         3

Dungeon Overview and Level Annotations

Branches:
Dungeon (2/15)

Altars:


Innate Abilities, Weirdness & Mutations

You are immune to poison.
You have sharp fingernails.
Your flesh is cold resistant. (rC+)
You are immune to negative energy. (rN+++)
You do not regenerate when monsters are visible.
You are immune to unholy pain and torment.
You thrive by killing the living.


Message History

You hit the adder.
The adder is lightly wounded.
The bat misses you. The bat barely misses you. The adder completely misses you.
Casting: Freeze (safe; 4% risk of failure)
Confirm with . or Enter, or press ? or * to list all spells.
Aiming: Freeze (safe; 4% risk of failure)
Press: ? - help, Shift-Dir - straight line, f - adder
Aim: an adder (lightly wounded)
You miscast Freeze.
You are very lightly contaminated with residual magic.
Nothing appears to happen.
The bat hits you but does no damage. The adder bites you.
You hit the adder.
The adder is moderately wounded.
The adder bites you but does no damage. The bat barely misses you.
The adder bites you.
* * * LOW HITPOINT WARNING * * *
You closely miss the adder.
The adder is moderately wounded.
The adder bites you but does no damage. The bat hits you but does no damage.
You miss the adder.
The adder is moderately wounded.
The bat barely misses you. The adder closely misses you.
You hit the adder.
The adder is heavily wounded.
The bat hits you.
* * * LOW HITPOINT WARNING * * *
The adder bites you.
* * * LOW HITPOINT WARNING * * *
The adder bites you.
* * * LOW HITPOINT WARNING * * *
Casting: Freeze (safe; 4% risk of failure)
Confirm with . or Enter, or press ? or * to list all spells.
Aiming: Freeze (safe; 4% risk of failure)
Press: ? - help, Shift-Dir - straight line, f - bat, p - adder
Aim: a bat You freeze the bat.
You kill the bat!
The adder bites you.
You die...

#.........#...............#.....
+...................†..†........
+#...†..##.#.......##############
>.......##.#.......# ....
........##.........# ####
........#####......####.#
...###### #...........# ...
######S###...... ...
#.....@......... ## .
#..........).... ##. .
#............... #..
#.....................#
#................r....
#............. .......
######+###.... ....... ####
#...... +......


You could see an adder.

Vanquished Creatures
  An adder (D:2)
  A ball python (D:1)
  A bat (D:2)
  A giant cockroach (D:2)
  2 goblins (D:2)
  2 jackals (D:1)
  A kobold (D:1)
  A frilled lizard (D:2)
  2 rats
12 creatures vanquished.

Notes
Turn   | Place    | Note
-------+----------+-------------------------------------------
     0 | D:1      | psuckher the Ghoul Ice Elementalist began the quest for the
                  | Orb.
     0 | D:1      | Reached XP level 1. HP: 14/14 MP: 2/2
   779 | D:2      | Reached XP level 2. HP: 2/20 MP: 3/3
   879 | D:2      | Reached skill level 5 in Ice Magic
   910 | D:2      | HP: 1/20 [adder (2)]
   911 | D:2      | Slain by an adder

Illustrated notes

Levels and vault maps discovered:
D:1:      mrwooster_arrival_arrow, layout_loops_ring
D:2:      layout_basic, shapermc_ecumenical_altar_mp_urbaneastern,
          roderic_cross_of_infinity

Skill      XL: |  1  2 |
---------------+-------+-----
Dodging        | 2 |  2.1
Ice Magic      | 5 |  5.0
Stealth        | |  2.2
Unarmed Combat | |  0.1
Spellcasting   | |  1.8

Action                     || total
---------------------------++-------
  Melee: Dagger            ||    54
         Unarmed           ||    14
         Punch             ||     1
   Cast: Freeze            ||     8
    Use: Potion            ||     1
         Scroll            ||     2
 Armour: Robe              ||    20
  Dodge: Dodged            ||    50
